 Dungeon Sprint DCSS version 0.18.1-48-g4cf74bf (webtiles) character file.

209 kosy22 the Ruffian (level 5, -12/46 HPs)
             Began as a Naga Transmuter on Aug 19, 2016.
             Was a Priest of Cheibriados.
             Mangled by an orc warrior
             ... wielding a +0 war axe
              (14 damage)
             ... in the Dungeon (Sprint VII: "The Pits").
             The game lasted 00:04:21 (626 turns).

kosy22 the Ruffian (Naga Transmuter)                 Turns: 626, Time: 00:04:22

Health: -12/46     AC:  7    Str: 19    XL:     5   Next: 87%
Magic:  9/12       EV: 12    Int: 19    God:    Cheibriados [***...]
Gold:   0          SH:  0    Dex: 18    Spells: 2 memorised, 11 levels left

rFire  . . .     SeeInvis +     k - +2 falchion (protect)
rCold  . . .     Gourm    .     b - +0 robe
rNeg   . . .     Faith    .     (no shield)
rPois  +         Spirit   .     (no helmet)
rElec  .         Dismiss  .     (no cloak)
rCorr  .         Reflect  .     (no gloves)
SustAt .         Harm     .     (no barding)
MR     .....     NoTele   +     (no amulet)
Stlth  +++.......               (no ring)
                                (no ring)

@: very slow, not resistant to hostile enchantments, fairly stealthy
A: see invisible, deformed body, poison resistance, slowness 2, slow metabolism
1, spit poison 2, AC +1
a: Spit Poison, Bend Time, Temporal Distortion, Renounce Religion


You were in the Dungeon.
You worshipped Cheibriados.
Cheibriados was most pleased with you.
You were not hungry.

You visited 1 branch

Inventory:

Hand Weapons
 k - a +2 falchion of protection (weapon)
Missiles
 a - 11 arrows
Armour
 b - a +0 robe (worn)
 j - a +3 scale mail
Scrolls
 o - 3 scrolls of remove curse
 p - 5 scrolls of amnesia
Potions
 e - 6 potions of curing
 f - 4 potions of heal wounds
 g - a potion of haste
 h - 4 potions of magic
 i - 3 potions of berserk rage
 n - 2 potions of invisibility
Books
 c - a book of Changes

   Spells                             Type                      Level
   a - Beastly Appendage              Transmutation                1
   b - Sticks to Snakes               Transmutation                2
   c - Spider Form                    Transmutation/Poison         3
   d - Ice Form                       Ice/Transmutation            4
   e - Blade Hands                    Transmutation                5
Comestibles
 d - 8 bread rations
 l - 40 fruits
 m - 7 meat rations


   Skills:
 + Level 2.4 Fighting
 + Level 1.0 Long Blades
 + Level 4.3 Dodging
 + Level 3.6 Stealth
 + Level 7.8 Unarmed Combat
 + Level 5.1 Spellcasting
 + Level 4.4 Transmutations


You had 11 spell levels left.
You knew the following spells:

 Your Spells              Type           Power        Failure   Level  Hunger
a - Beastly Appendage     Trmt           ###...       1%          1    None
b - Sticks to Snakes      Trmt           ###.....     3%          2    #......


Dungeon Overview and Level Annotations

Branches:
Dungeon (1/1)

Altars:
Ashenzari
Cheibriados
Dithmenos
Elyvilon
Fedhas
Gozag
Kikubaaqudgha
Makhleb
Nemelex Xobeh
Okawaru
Pakellas
Qazlal
Ru
Sif Muna
Trog
Vehumet
Xom
Yredelemnul
Zin
The Shining One
Beogh
Jiyva
Lugonu


Innate Abilities, Weirdness & Mutations

You cannot wear boots.
Your serpentine skin is tough (AC +1).
You have supernaturally acute eyesight.
Armour fits poorly on your strangely shaped body.
Your system is resistant to poisons.
You cover ground very slowly.
You have a slow metabolism.
You can spit poison.


Message History

The giant gecko misses you. The orc warrior misses you.
The orc completely misses you. The orc warrior closely misses you.
Your small abomination misses the orc.
The flow of time bends around you.
Cheibriados rebukes the giant gecko.
The giant gecko seems to slow down.
The orc warrior resists with some effort.
Cheibriados rebukes the orc.
The orc seems to slow down.
You feel slightly more hungry.
The orc warrior hits you but does no damage.
The orc hits you with a short sword of speed.
Your small abomination hits the orc!
The orc dies!
Cheibriados appreciates the change of pace.
You can now warp the flow of time around you.
The orc warrior hits you from afar with a trident!!
* * * LOW HITPOINT WARNING * * *
The orc warrior hits you but does no damage.
The orc warrior hits you with a war axe!
You die...

#.#[.#....)##.....
#.#))#####)#####'#
#.#))#.....##.....
#.#))#.....##.....
#.#..###'####.....
#.##'#.....##...<.
#.#........##.....
#x#........##.....
#@###########.....


#oWoro..# ###### #.###o..# #l# .# #o# #.. #.. #.. #### You could see a phantom,
2 orc warriors, an orc priest, an orc wizard, an orc, a giant gecko, a rat and a
friendly small abomination.

Vanquished Creatures
  A giant eyeball (D)
  An ice beast (D)
  A gnoll (D)
  An ooze (D)
  An adder zombie (D)
  2 orcs (D)
  A bat skeleton (D)
  A giant cockroach (D)
9 creatures vanquished.

Vanquished Creatures (collateral kills)
  An orc (D)
1 creature vanquished.

Grand Total: 10 creatures vanquished

Notes
Turn   | Place    | Note
--------------------------------------------------------------
     0 | D        | kosy22 the Naga Transmuter began the quest for the Orb.
     0 | D        | Reached XP level 1. HP: 18/18 MP: 3/3
    21 | D        | Reached skill level 4 in Unarmed Combat
    21 | D        | Reached XP level 2. HP: 2/25 MP: 3/5
   310 | D        | Learned a level 2 spell: Sticks to Snakes
   315 | D        | Noticed a giant eyeball
   318 | D        | Killed a giant eyeball
   318 | D        | Reached skill level 6 in Unarmed Combat
   318 | D        | Reached XP level 3. HP: 31/31 MP: 2/8
   318 | D        | Reached XP level 4. HP: 38/38 MP: 2/10
   323 | D        | Found a sacrificial altar of Ru.
   323 | D        | Found a basalt altar of Yredelemnul.
   323 | D        | Found a shadowy altar of Dithmenos.
   323 | D        | Found a deep blue altar of Sif Muna.
   323 | D        | Found a burning altar of Makhleb.
   323 | D        | Found a shimmering altar of Xom.
   323 | D        | Found an ancient bone altar of Kikubaaqudgha.
   323 | D        | Found a sparkling altar of Nemelex Xobeh.
   324 | D        | Found a glowing golden altar of the Shining One.
   324 | D        | Found a bloodstained altar of Trog.
   324 | D        | Found a shattered altar of Ashenzari.
   324 | D        | Found a white marble altar of Elyvilon.
   324 | D        | Found a snail-covered altar of Cheibriados.
   324 | D        | Found a blossoming altar of Fedhas.
   324 | D        | Found a radiant altar of Vehumet.
   324 | D        | Found a glowing silver altar of Zin.
   324 | D        | Found a corrupted altar of Lugonu.
   324 | D        | Found a viscous altar of Jiyva.
   324 | D        | Found a roughly hewn altar of Beogh.
   324 | D        | Found an iron altar of Okawaru.
   325 | D        | Found an oddly glowing altar of Pakellas.
   334 | D        | Became a worshipper of Cheibriados the Contemplative
   412 | D        | Reached * piety under Cheibriados
   422 | D        | Noticed an ice beast
   429 | D        | Reached ** piety under Cheibriados
   429 | D        | Reached skill level 1 in Stealth
   439 | D        | Reached skill level 7 in Unarmed Combat
   452 | D        | Killed an ice beast
   452 | D        | Reached skill level 1 in Long Blades
   452 | D        | Reached skill level 5 in Spellcasting
   452 | D        | Reached XP level 5. HP: 27/46 MP: 10/12
   496 | D        | Found a stormy altar of Qazlal.
   496 | D        | Found an opulent altar of Gozag.
   581 | D        | Noticed a harpy
   581 | D        | Noticed a harpy
   581 | D        | Noticed a harpy
   581 | D        | Noticed a sky beast
   581 | D        | Noticed a hellwing
   620 | D        | Noticed an orc warrior
   621 | D        | Noticed an orc warrior
   621 | D        | Noticed a phantom
   623 | D        | HP: 2/46 [orc warrior/trident (13)]
   625 | D        | Reached *** piety under Cheibriados
   626 | D        | Mangled by an orc warrior

Skill      XL: |  1  2  3  4 |
---------------+-------------+-----
Dodging        | 2 3 4 |  4.3
Unarmed Combat | 4 6 7 |  7.8
Spellcasting   | 4 5 |  5.1
Transmutations | 3 4 |  4.4
Stealth        | 3 |  3.6
Fighting       | 2 |  2.4
Long Blades    | 1 |  1.0

Action                   |  1- 3 |  4- 6 || total
-------------------------+-------+-------++-------
Melee: Unarmed           |     6 |       ||     6
       Headbutt          |     3 |     1 ||     4
       Falchion          |       |    30 ||    30
       Punch             |       |     2 ||     2
 Cast: Beastly Appendage |     2 |     1 ||     3
       Sticks to Snakes  |     1 |       ||     1
Invok: Bend Time         |       |     1 ||     1
 Abil: Spit Poison       |       |     1 ||     1
  Use: Scroll            |       |     2 ||     2
       Potion            |       |     2 ||     2
 Stab: Sleeping          |       |     2 ||     2
Armor: Robe              |       |    20 ||    20
Dodge: Dodged            |     3 |    25 ||    28
